 Dungeon Crawl Stone Soup version 0.29.1-12-g30fa7ad0bf (webtiles) character file.

Game seed: 2358880969788157842

532 xzight the Ruffian (level 7, 0/100 HPs)
             Began as a Troll Fighter on Dec 27, 2022.
             Was a Follower of Okawaru.
             Killed from afar by Dowan (4 damage)
             ... with a shard of ice
             ... on level 4 of the Dungeon.
             The game lasted 00:14:25 (3422 turns).

xzight the Ruffian (Troll Fighter)                  Turns: 3422, Time: 00:14:26

Health: 0/100      AC: 23    Str: 24 (27) XL:     7   Next: 3%
Magic:  6/6        EV:  1    Int:  1 (4)  God:    Okawaru [*.....]
Gold:   140        SH: 12    Dex:  7 (9)  Spells: 6/6 levels left

rFire   . . .      SeeInvis .     - Unarmed
rCold   . . .      Faith    .   b - +0 kite shield
rNeg    . . .      Spirit   .   (body armour currently unavailable)
rPois   +          Reflect  +   (helmet currently unavailable)
rElec   .          Harm     .   (cloak currently unavailable)
rCorr   .          Rampage  .   (gloves unavailable)
Will    .....      NoTele   +   (boots unavailable)
Stlth   +.........              s - amulet of reflection
HPRegen 1.06/turn               (no ring)
MPRegen 0.10/turn               (no ring)

@: mighty, tree-form
A: stationary, stasis, torment immunity, boosted hp, large, unfitting armour,
(claws 3), regeneration 1, (shaggy fur 1), (tough skin 1)
a: Renounce Religion, Heroism


You were on level 4 of the Dungeon.
You worshipped Okawaru.
Okawaru was aware of your devotion.
You were a tree.
You visited 2 branches of the dungeon, and saw 5 of its levels.

You collected 140 gold pieces.


Innate Abilities, Weirdness & Mutations

You are a tree.
Your roots penetrate the ground, keeping you stationary.
You cannot be teleported.
You are immune to unholy pain and torment.
Your maximum health is greatly increased.
Your equipment is partially melded.
You are too large for most types of armour.
((You have claws for hands.))
Your natural rate of healing is unusually fast.
((You are covered in fur. (AC +1)))
((You have tough skin. (AC +1)))


   Skills:
 + Level 3.4 Fighting
 + Level 2.2 Throwing
 - Level 2.4 Dodging
 + Level 3.8 Shields
 * Level 5.7 Unarmed Combat


You had 6 spell levels left.
You didn't know any spells.
Your spell library contained the following spells:

 Spells                   Type           Power      Damage    Failure   Level
 Foxfire                  Conj/Fire      0%         2x1d4     86%         1
 Conjure Flame            Conj/Fire      0%         6-21      99%         3
 Inner Flame              Hex/Fire       0%         N/A       99%         3
 Flame Wave               Conj/Fire      0%         2d4       100%        4

Inventory:

Missiles
 r - 7 javelins (quivered)
Armour
 a - a +0 robe (melded)
 b - a +0 kite shield (worn)
 h - a +1 cloak (melded)
Jewellery
 s - an amulet of reflection (around neck)
 C - a ring of protection from cold
Wands
 e - a wand of polymorph (2)
Scrolls
 d - 3 scrolls of identify {@r1}
 f - a scroll of poison {unknown}
 g - 3 scrolls of torment {unknown}
 i - 2 scrolls of enchant armour {unknown}
 j - a scroll of noise {unknown}
 l - a scroll of vulnerability {unknown}
 m - 3 scrolls of amnesia {unknown}
 t - a scroll of teleportation {unknown}
 u - 2 scrolls of magic mapping {unknown}
Potions
 k - a potion of haste {unknown}
 q - a potion of curing {unknown}

Dungeon Overview and Level Annotations

Branches:
Dungeon (4/15)             Temple (1/1) D:4

Altars:
Ashenzari
Cheibriados
Dithmenos
Elyvilon
Gozag
Hepliaklqana
Kikubaaqudgha
Nemelex Xobeh
Okawaru
Qazlal
Ru
Sif Muna
Trog
Uskayaw
Vehumet
Wu Jian
Xom
Yredelemnul
Zin
The Shining One

Annotations:
D:4 1 runed translucent door, Crazy Yiuf, Dowan

#####...#.....#....
##...#.......... ###
#............... #..
##...##......##.. ###..
#....##......#... #....
#.....#.......▒▒.
#...####............#▒..
#....)#............. ▒.⌠
#..†.♣......§.... ▒..
#...##...e.#...... ▒▒▒.
#.e. #....##..... ▒...
##.e ##..## ..... ▒...
... ##... .. ▒..> #...
#.... ▒... .... #......
▒... #.... ...... ▒▒▒.
..... ..


You could see Dowan (fast).


Message History

There was something very wrong with that liquid.
You feel weakened.
You feel dopey.
You feel clumsy.
* * * LOW HITPOINT WARNING * * *
You feel very sick.
It was a potion of lignification.
You turn into a tree.
Your +1 cloak melds into your body.
Your +0 robe melds into your body.
Your roots penetrate the ground.
You feel sick. Dowan hits you but does no damage.
You barely miss Dowan.
Dowan is almost dead.
You feel sick.
Dowan gestures wildly while chanting.
Dowan blinks!
Okay, then.
You feel sick.
Dowan gestures wildly while chanting.
Dowan blinks!
You feel sick.
Dowan casts a spell.
Dowan blinks!
You feel sick.
You feel sick.
You feel sick.
Dowan casts a spell.
Dowan blinks!
You feel sick.
You are no longer poisoned.
Dowan points at you and mumbles some strange words.
The shard of ice hits you.
You die...

Skill      XL: |  1  2  3  4  5  6 |
---------------+-------------------+-----
Unarmed Combat | 3 4 5 |  5.7
Shields        | 3 |  3.8
Throwing       | 1 2 |  2.2
Fighting       | 3 |  3.4
Dodging        | |  2.4

Action                   |  1- 3 |  4- 6 |  7- 9 || total
-------------------------+-------+-------+-------++-------
Melee: Unarmed           |   117 |   146 |     5 ||   268
Throw: Javelin           |       |     6 |       ||     6
  Use: Scroll            |     1 |       |       ||     1
       Potion            |       |     1 |     3 ||     4
Armor: Robe              |    37 |    29 |       ||    66
       Skin              |       |       |     1 ||     1
Dodge: Dodged            |    36 |    34 |       ||    70
Block: Kite shield       |    25 |    30 |     2 ||    57
       Reflection        |       |       |     1 ||     1

Levels and vault maps discovered:
D:1:      mrwooster_arrival_statue_2, layout_rooms
D:2:      minmay_inner_zag, layout_rooms, minmay_between
D:3:      layout_loops_corners, ebering_ecumenical_altar_petrified, uniq_jessica
D:4:      layout_cave_pools, minmay_temple_entry_antechambers,
          amcnicky_mini_pool_small, minmay_hedge_maze, uniq_crazy_yiuf_cottage,
          uniq_menkaure, uniq_duvessa
Temple:   mainiacjoe_temple_cubbyholes

Notes
Turn   | Place    | Note
-------+----------+-------------------------------------------
     0 | D:1      | xzight the Troll Fighter began the quest for the Orb.
     0 | D:1      | Reached XP level 1. HP: 22/22 MP: 0/0
    62 | D:1      | Reached XP level 2. HP: 29/29 MP: 1/1
    85 | D:1      | Reached skill level 3 in Unarmed Combat
   274 | D:1      | Reached XP level 3. HP: 36/36 MP: 2/2
   670 | D:2      | Reached skill level 4 in Unarmed Combat
   793 | D:2      | Reached XP level 4. HP: 44/44 MP: 3/3
  1186 | D:2      | Reached skill level 3 in Shields
  1778 | D:3      | Reached skill level 1 in Throwing
  1833 | D:3      | Noticed Jessica
  1845 | D:3      | Killed Jessica
  1846 | D:3      | Reached XP level 5. HP: 44/50 MP: 4/4
  2009 | D:3      | Found a faded altar of an unknown god.
  2405 | D:4      | Noticed an ogre
  2417 | D:4      | Killed an ogre
  2418 | D:4      | Reached skill level 3 in Fighting
  2418 | D:4      | Reached skill level 5 in Unarmed Combat
  2420 | D:4      | Reached XP level 6. HP: 35/61 MP: 5/5
  2461 | D:4      | Found a staircase to the Ecumenical Temple.
  2470 | Temple   | Entered the Ecumenical Temple
  2821 | Temple   | Became a worshipper of Warmaster Okawaru
  2947 | D:4      | Noticed Menkaure
  3171 | D:4      | Killed Menkaure
  3172 | D:4      | Reached skill level 2 in Throwing
  3357 | D:4      | Found a runed translucent door.
  3358 | D:4      | Noticed Crazy Yiuf
  3396 | D:4      | Noticed Dowan
  3396 | D:4      | Noticed Duvessa
  3407 | D:4      | Killed Duvessa
  3407 | D:4      | Reached * piety under Okawaru
  3408 | D:4      | Reached XP level 7. HP: 38/67 MP: 6/6
  3413 | D:4      | HP: 6/67 [poisoned by Dowan]
  3418 | D:4      | HP: 4/100 [poisoned by Dowan]
  3422 | D:4      | Killed from afar by Dowan

Vanquished Creatures
  Menkaure (D:4)
  Duvessa (D:4)
  An ogre (D:4)
  Jessica (D:3)
  An iguana (D:4)
  7 adders
  4 worms
  4 dart slugs
  2 orcs
  5 ball pythons
  14 endoplasms
  3 giant cockroaches
  11 goblins
  7 hobgoblins
  6 jackals
  5 kobolds
  4 quokkas
  6 bats
  4 frilled lizards
  9 rats
  A bush (D:4)
97 creatures vanquished.

Vanquished Creatures (others)
  2 bushes (D:4)
2 creatures vanquished.

Grand Total: 99 creatures vanquished

Table legend: (Time is in decaauts)
 A = Elapsed time spent in this place.
 B = Non-inter-level travel time spent in this place.
 C = Inter-level travel time spent in this place.
 D = Time resting spent in this place.
 E = Time spent auto-exploring this place.
 F = Levels seen in this place.
 G = Mean time per level.
                   A        B        C        D        E       F      G
               +--------+--------+--------+--------+--------+-----+--------+
         Total |   3439 |   3272 |    167 |    161 |   2121 |   5 |  687.8 |
       Dungeon |   3070 |   2969 |    101 |    161 |   1827 |   4 |  767.5 |
        Temple |    369 |    303 |     66 |      0 |    294 |   1 |  369.0 |
               +--------+--------+--------+--------+--------+-----+--------+

Top non-repeatable levels by time:
     D:3: 1041 daAuts
     D:2: 796 daAuts
     D:4: 655 daAuts
     D:1: 577 daAuts
  Temple: 369 daAuts

Table legend:
 A = Non-vault XP
 B = Vault XP
 C = Vault XP percentage of total XP
 D = Non-vault monster count
 E = Vault monster count
 F = Vault count percentage of total count
                 A         B        C        D         E       F
            +---------+---------+-------+---------+---------+-------
      Total |     393 |     367 |  48.3 |      83 |      13 |  13.5
            +---------+---------+-------+---------+---------+-------
        D:1 |      55 |       0 |   0.0 |      30 |       0 |   0.0
        D:2 |      86 |      19 |  18.1 |      25 |      10 |  28.6
        D:3 |      61 |      37 |  37.8 |      19 |       1 |   5.0
        D:4 |     191 |     311 |  62.0 |       9 |       2 |  18.2
            +---------+---------+-------+---------+---------+-------
